 Dungeon Crawl Stone Soup version 0.19-a0-860-g5c370dd (webtiles) character file.

263 HAL9000 the Changer (level 5, -3/42 HPs)
             Began as a Draconian Transmuter on July 2, 2016.
             Slain by an orc priest
             ... wielding a +0 dagger
              (6 damage)
             ... on level 4 of the Dungeon.
             The game lasted 00:12:02 (4297 turns).

HAL9000 the Changer (Draconian Transmuter)          Turns: 4297, Time: 00:12:03

Health: -3/42      AC:  2    Str: 13    XL:     5   Next: 98%
Magic:  1/9        EV: 19    Int: 14    God:
Gold:   212        SH:  0    Dex: 16    Spells: 4 memorised, 0 levels left

rFire  . . .     SeeInvis .       - Unarmed
rCold  . . .     Gourm    .     (armour unavailable)
rNeg   . . .     Faith    .     (shield currently unavailable)
rPois  x         Spirit   .     (helmet currently unavailable)
rElec  .         Dismiss  .     (cloak currently unavailable)
rCorr  .         Reflect  .     (gloves currently unavailable)
SustAt .         Harm     .     (boots currently unavailable)
MR     .....                    (no amulet)
Stlth  +.........               (no ring)
                                (no ring)

@: spider-form (expiring), very slightly contaminated, not resistant to hostile
enchantments, very unstealthy
A: unfitting armour, (cold-blooded), AC +5
a: End Transformation


You were on level 4 of the Dungeon.
You were hungry.
You were a venomous arachnid creature.
You visited 1 branch of the dungeon, and saw 4 of its levels.

You collected 212 gold pieces.

Inventory:

Missiles
 a - 25 arrows
Armour
 z - a +0 cloak (melded)
Wands
 w - a wand of digging (12/24)
Scrolls
 d - a scroll of random uselessness {unknown}
 e - 3 scrolls of enchant armour {unknown}
 i - 2 scrolls of amnesia {unknown}
 j - 2 scrolls of teleportation {unknown}
 o - 3 scrolls of remove curse
 p - 2 scrolls of identify
 q - a scroll of enchant weapon {unknown}
 r - a scroll of fog {unknown}
 s - a scroll of recharging {unknown}
 v - a scroll of magic mapping {unknown}
 x - a scroll of blinking {unknown}
Potions
 f - a potion of lignification
 g - a potion of brilliance
 k - 2 potions of heal wounds
 u - 2 potions of curing {unknown}
Books
 b - a book of Changes

   Spells                             Type                      Level
   a - Beastly Appendage              Transmutation                1
   b - Sticks to Snakes               Transmutation                2
   c - Spider Form                    Transmutation/Poison         3
   d - Ice Form                       Ice/Transmutation            4
   e - Blade Hands                    Transmutation                5
Comestibles
 c - 3 bread rations
 h - 2 royal jellies
 l - a slice of pizza
 m - 3 meat rations


   Skills:
 + Level 2.6 Fighting
 - Level 1.7 Dodging
 * Level 4.1 Unarmed Combat
 + Level 3.1 Spellcasting
 * Level 4.2 Transmutations


You couldn't memorise any spells.
You knew the following spells:

 Your Spells              Type           Power        Failure   Level  Hunger
a - Beastly Appendage     Tmut           ##....       12%         1    #......
b - Sticks to Snakes      Tmut           ##......     17%         2    ##.....
c - Spider Form           Tmut/Pois      #.........   52%         3    ###....
d - Ice Form              Ice/Tmut       #.......     97%         4    #####..


Dungeon Overview and Level Annotations

Branches:
Dungeon (4/15)
 Temple: D:4-7

Altars:
Gozag

Shops:
D:2 *


Innate Abilities, Weirdness & Mutations

((Your plain brown scales are hard. (AC +5)))
Your body does not fit into most forms of armour.
((You are cold-blooded and may be slowed by cold attacks.))


Message History

The orc wizard hits you with a dagger.
Your ball python bites the orc wizard but does no damage.
Your ball python constricts the orc wizard.
You hit the orc priest.
The orc priest looks even sicker.
The orc priest is heavily wounded.
The orc priest hits you with a dagger.
* * * LOW HITPOINT WARNING * * *
Your ball python bites the orc wizard.
Your ball python bites the orc wizard but does no damage.
Your ball python constricts the orc wizard.
The orc wizard gestures at you while chanting.
The puff of frost hits you!
* * * LOW HITPOINT WARNING * * *
You hit the orc priest.
The orc priest looks as sick as possible!
The orc priest is severely wounded.
Your transformation is almost over.
Your ball python completely misses the orc wizard.
The orc priest hits you with a dagger.
You die...

######.........
...............
...............
...............#
.............#
...........#
#######(........#
#.....#.so......####..
#.....'.So............
#.....#.S>..>.........
#.(...#....###'#
#.....#....#...#
#######....#...#
#.....#....#...#
#.....#....#...#
#.....#....#...######


You could see an orc priest, an orc wizard and 2 friendly ball pythons.

Vanquished Creatures
  An orc priest (D:3)
  2 worker ants
  Ijyb (D:3)
  4 adders
  A worm (D:2)
  2 dart slugs (D:2)
  2 giant geckos (D:2)
  16 orcs (D:3)
  5 goblins
  14 hobgoblins
  5 jackals
  11 kobolds
  7 bats
  4 giant newts
  8 rats
83 creatures vanquished.

Vanquished Creatures (collateral kills)
  An orc wizard (D:3)
  A worm (D:3)
  A giant gecko (D:3)
  3 orcs
6 creatures vanquished.

Grand Total: 89 creatures vanquished

Notes
Turn   | Place    | Note
-------+----------+-------------------------------------------
     0 | D:1      | HAL9000 the Draconian Transmuter began the quest for the Orb.
     0 | D:1      | Reached XP level 1. HP: 16/16 MP: 3/3
   478 | D:1      | Reached XP level 2. HP: 5/23 MP: 3/5
   824 | D:1      | Learned a level 2 spell: Sticks to Snakes
  1093 | D:2      | Reached XP level 3. HP: 22/28 MP: 4/6
  1605 | D:2      | Reached XP level 4. HP: 29/36 MP: 5/7
  1862 | D:2      | Found an opulent altar of Gozag.
  1864 | D:2      | Found Gozag's Platinum Reserve.
  1934 | D:3      | Noticed Ijyb
  1948 | D:3      | Killed Ijyb
  2038 | D:3      | Reached XP level 5. HP: 41/41 MP: 9/9
  2943 | D:3      | Learned a level 3 spell: Spider Form
  2948 | D:3      | Learned a level 4 spell: Ice Form
  4297 | D:4      | Slain by an orc priest

Vault maps used:
D:1:      co_arrival_square_in_a_square_in_a_square
D:2:      nicolae_gozag_zags_fifth_avenue
D:3:      kennysheep_decorative_pillar, bh_walls_and_bars, uniq_iyjb

Skill      XL: |  1  2  3  4  5 |
---------------+----------------+-----
Transmutations | 3 4 |  4.2
Fighting       | 2 |  2.6
Spellcasting   | 3 |  3.1
Unarmed Combat | 4 |  4.1
Dodging        | |  1.7

Action                   |  1- 3 |  4- 6 || total
-------------------------+-------+-------++-------
Melee: Unarmed           |   150 |   191 ||   341
       Kick              |     8 |    13 ||    21
       Tailslap          |    11 |    27 ||    38
       Headbutt          |     8 |     5 ||    13
       Punch             |     2 |     5 ||     7
 Cast: Beastly Appendage |    22 |    17 ||    39
       Sticks to Snakes  |     1 |    14 ||    15
       Spider Form       |       |     2 ||     2
  Use: Potion            |     1 |       ||     1
       Scroll            |       |     3 ||     3
 Stab: Distracted        |       |     2 ||     2
       Sleeping          |       |     1 ||     1
  Eat: Chunk             |     3 |     9 ||    12
Armor: Skin              |    44 |    57 ||   101
Dodge: Dodged            |    77 |   117 ||   194
